 Dungeon Crawl Stone Soup version 0.30-a0-857-gcaf70739d4 (webtiles) character file.

Game seed: 13720130714995113990

72 FexLirch the Insei (level 4, -1/28 HPs)
             Began as an Octopode Transmuter on Mar 5, 2023.
             Slain by an orc wizard
             ... wielding a +0 dagger
              (3 damage)
             ... on level 3 of the Dungeon.
             The game lasted 00:05:10 (1755 turns).

FexLirch the Insei (Octopode Transmuter)            Turns: 1755, Time: 00:05:11

Health: -1/28      AC:  1    Str:  8    XL:     4   Next: 26%
Magic:  8/8        EV: 13    Int: 14    God:
Gold:   98         SH:  0    Dex: 16    Spells: 3/8 levels left

rFire   + . .      SeeInvis .    m - +0 demon whip
rCold   + . .      Faith    .    (no shield)
rNeg    . . .      Spirit   .    (helmet restricted)
rPois   +          Reflect  .    n - amulet of the acrobat
rElec   +          Rampage  .    (no ring)
rCorr   +                        (no ring)
Will    .....                    (no ring)
Stlth   ++                       (no ring)
HPRegen 0.24/turn                (no ring)
MPRegen 0.11/turn                (no ring)
                                 (no ring)
                                 (no ring)

@: confused, resistant
A: almost no armour, amphibious, 8 rings, camouflage 1, gelatinous body 1,
(nimble swimmer 1), tentacles, agile 1, poison resistance, weak 1
a: no special abilities


You were on level 3 of the Dungeon.
You visited 1 branch of the dungeon, and saw 3 of its levels.

You collected 98 gold pieces.

Inventory:

Hand Weapons
 m - a +0 demon whip (weapon)
Missiles
 c - 19 stones (quivered)
 f - 5 javelins
 j - 5 boomerangs of dispersal
Magical Staves
 u - a staff of conjuration
Jewellery
 n - an amulet of the acrobat (around mantle)
Scrolls
 b - 3 scrolls of immolation {unknown}
 d - a scroll of blinking {unknown}
 e - a scroll of enchant weapon {unknown}
 k - a scroll of amnesia {unknown}
 l - a scroll of fog {unknown}
 p - a scroll of teleportation {unknown}
 q - a scroll of identify {unknown}
 r - a scroll of poison {unknown}
Potions
 a - a potion of lignification
 g - a potion of attraction {unknown}
 o - a potion of haste {unknown}
 s - a potion of invisibility {unknown}
 t - a potion of brilliance


   Skills:
 - Level 1.3 Fighting
 + Level 1.4 Maces & Flails
 - Level 2.2 Dodging
 - Level 3.1 Unarmed Combat
 + Level 2.7 Spellcasting
 + Level 1.4 Necromancy
 - Level 2.2 Transmutations


You had 3 spell levels left.
You knew the following spells:

 Your Spells              Type           Power      Damage    Failure   Level
a - Beastly Appendage     Tmut           16%        N/A       9%          1
b - Wereblood             Tmut           8%         N/A       14%         2
c - Lesser Beckoning      Tloc           2%         N/A       32%         2

Your spell library contained the following spells:

 Spells                   Type           Power      Damage    Failure   Level
 Spider Form              Tmut/Pois      5%         N/A       38%         3
 Gell's Gravitas          Tloc           1%         N/A       54%         3
 Ozocubu's Armour         Ice            1%         N/A       54%         3
 Teleport Other           Tloc           1%         N/A       54%         3
 Ice Form                 Ice/Tmut       5%         N/A       80%         4
 Ozocubu's Refrigeration  Ice            0%         4d7       100%        7


Dungeon Overview and Level Annotations

Branches:
Dungeon (3/15)

Altars:

Shops:
D:1 *

Annotations:
D:3 exclusions: orc priest and orc wizard


Innate Abilities, Weirdness & Mutations

You cannot wear most types of armour.
You are amphibious.
You can wear up to eight rings at the same time.
Your skin changes colour to match your surroundings (Stealth+).
Your rubbery body absorbs attacks. (AC +1, EV +1)
((You are camouflaged when in or above water. (Stealth+)))
You have tentacles for arms and can constrict up to eight enemies at once.
You are agile. (Dex +4, Str/Int -1)
Your system is resistant to poisons. (rPois)
You are weak. (Str -2)


Message History

You are more confused.
Really quaff the potion of lignification?
Your tentacle spike disappears.
You turn into a tree.
Your roots penetrate the ground.
Something hits you but does no damage.
You cannot move. (Use ctrl+direction or * direction to attack while stationary and confused.)
You cannot move. (Use ctrl+direction or * direction to attack while stationary and confused.)
You miss something. Something hits you but does no damage.
You attack the rock wall.
You hear some strange, mumbled words.
Something tries to affect you, but you resist.
You closely miss something.
You hear some strange, mumbled words.
A puff of flame appears from out of thin air!
The puff of flame hits you!
* * * LOW HITPOINT WARNING * * *
You barely miss something.
Your primal bloodlust has ended.
Something hits you but does no damage.
You attack the rock wall.
You hear some strange, mumbled words.
A magic dart appears from out of thin air!
The magic dart hits you but does no damage.
It was a potion of cancellation.
Your magical effects are unravelling.
You feel magically purged.
You feel less wooden.
You feel less confused.
You feel a little less clever now.
You hear some strange, mumbled words.
You are confused.
It was a potion of resistance.
You feel protected.
You hear some strange, mumbled words.
A magic dart appears from out of thin air!
The magic dart hits you.
* * * LOW HITPOINT WARNING * * *
It was a potion of mutation.
You feel extremely strange.
You feel agile.
You feel weaker.
You feel resistant to poisons. Something hits you.
You die...

#.# #.# #.#
#.#
##########.#
#..........#
#.##########
#########)#
.>...o{@).#
###########


You could see an orc.

Vanquished Creatures
  2 adders
  An ufetubus (D:2)
  2 dart slugs
  3 orcs (D:3)
  8 endoplasms
  A giant cockroach (D:1)
  A goblin (D:2)
  5 hobgoblins
  3 jackals (D:2)
  3 kobolds
  2 quokkas (D:2)
  4 ball pythons
  2 frilled lizards (D:1)
  2 rats
39 creatures vanquished.

Notes
Turn   | Place    | Note
-------+----------+-------------------------------------------
     0 | D:1      | FexLirch the Octopode Transmuter began the quest for the
                  | Orb.
     0 | D:1      | Reached XP level 1. HP: 13/13 MP: 3/3
    11 | D:1      | Found Ulagych's Assorted Antiques.
   285 | D:1      | Reached XP level 2. HP: 14/18 MP: 5/5
   379 | D:1      | Learned a level 2 spell: Wereblood
   382 | D:1      | Learned a level 2 spell: Lesser Beckoning
  1038 | D:2      | Reached XP level 3. HP: 23/23 MP: 6/6
  1131 | D:2      | Reached skill level 1 in Maces & Flails
  1163 | D:2      | Reached skill level 1 in Necromancy
  1666 | D:3      | Reached XP level 4. HP: 28/28 MP: 7/7
  1755 | D:3      | Gained mutation: You are agile. (Dex +4, Str/Int -1)
                  | [potion of mutation]
  1755 | D:3      | Gained mutation: You are weak. (Str -2) [potion of
                  | mutation]
  1755 | D:3      | Gained mutation: Your system is resistant to poisons.
                  | (rPois) [potion of mutation]
  1755 | D:3      | Slain by an orc wizard

Illustrated notes

Levels and vault maps discovered:
D:1:      minmay_arrival_nine_rooms, layout_basic, serial_shops, shop,
          minmay_crystal_room
D:2:      layout_rooms, st_stairs_6
D:3:      layout_loops_ring

Skill      XL: |  1  2  3 |
---------------+----------+-----
Maces & Flails | 1 |  1.4
Necromancy     | 1 |  1.4
Fighting       | |  1.3
Dodging        | |  2.2
Unarmed Combat | |  3.1
Spellcasting   | |  2.7
Transmutations | |  2.2

Action                     |  1- 3 |  4- 6 || total
---------------------------+-------+-------++-------
  Melee: Unarmed           |    34 |       ||    34
         Constrict         |    13 |     3 ||    16
         Kick              |    11 |       ||    11
         Tentacles         |     8 |     2 ||    10
         Demon whip        |    33 |    16 ||    49
  Throw: Stone             |     6 |       ||     6
   Cast: Beastly Appendage |    15 |     1 ||    16
         Wereblood         |     2 |     1 ||     3
    Use: Potion            |       |     5 ||     5
   Stab: Sleeping          |     4 |       ||     4
 Armour: Skin              |     3 |     4 ||     7
  Dodge: Dodged            |    29 |     7 ||    36

Table legend: (Time is in decaauts)
 A = Elapsed time spent in this place.
 B = Non-inter-level travel time spent in this place.
 C = Inter-level travel time spent in this place.
 D = Time resting spent in this place.
 E = Time spent auto-exploring this place.
 F = Levels seen in this place.
 G = Mean time per level.
                   A        B        C        D        E       F      G
               +--------+--------+--------+--------+--------+-----+--------+
         Total |   1755 |   1639 |    116 |      0 |   1206 |   3 |  585.0 |
       Dungeon |   1755 |   1639 |    116 |      0 |   1206 |   3 |  585.0 |
               +--------+--------+--------+--------+--------+-----+--------+

Top non-repeatable levels by time:
     D:1: 966 daAuts
     D:2: 580 daAuts
     D:3: 208 daAuts
